 Dungeon Crawl Stone Soup version 0.29-a0-422-gafbd6decc1 (webtiles) character file.

Game seed: 4490611664377532342

72 xian the Conjurer (level 4, 0/18 HPs)
             Began as a Felid Conjurer on May 18, 2022.
             Slain by a hound (5 damage)
             ... on level 4 of the Dungeon.
             The game lasted 00:07:52 (3828 turns).

xian the Conjurer (Felid Conjurer)                  Turns: 3828, Time: 00:07:53

Health: 0/18       AC:  1    Str:  3    XL:     4   Next: 7%
Magic:  3/9        EV: 21    Int: 21    God:
Gold:   173        SH:  0    Dex: 14    Spells: 5/8 levels left
                                        Lives:  0   Deaths: 1

rFire   . . .      SeeInvis +   (weapon unavailable)
rCold   . . .      Faith    .   (shield unavailable)
rNeg    . . .      Spirit   .   (body armour unavailable)
rPois   .          Reflect  .   (helmet unavailable)
rElec   .          Harm     .   (cloak unavailable)
rCorr   .          Rampage  .   (gloves unavailable)
Will    .....                   (boots unavailable)
Stlth   ++........              (no amulet)
HPRegen 0.06/turn               b - +4 ring of evasion
MPRegen 0.11/turn               (no ring)

@: very slightly contaminated, quick
A: very small, claws 1, fangs 3, see invisible, speed 1, shaggy fur 1, stealthy
paws, no weapons or thrown items, no armour, multi-lived
a: no special abilities


You were on level 4 of the Dungeon.
You visited 1 branch of the dungeon, and saw 4 of its levels.

You collected 173 gold pieces.

Inventory:

Missiles
 d - 6 atropa-tipped darts
Jewellery
 b - a +4 ring of evasion (left paw)
Scrolls
 c - a scroll of enchant weapon {unknown}
 i - 3 scrolls of identify {unknown}
 j - a scroll of torment {unknown}
 k - a scroll of amnesia {unknown}
 l - a scroll of enchant armour {unknown}
 q - a scroll of teleportation {unknown}
 r - a scroll of silence {unknown}
 t - a scroll of vulnerability {unknown}
 u - a scroll of fog {unknown}
Potions
 a - a potion of magic
 e - 2 potions of degeneration {unknown}
 f - 2 potions of might {unknown}
 g - 2 potions of invisibility {unknown}
 h - a potion of heal wounds {unknown}
 m - 2 potions of curing {unknown}
 n - 2 potions of lignification {unknown}
 o - a potion of berserk rage {unknown}
 p - a potion of resistance {unknown}
 s - 2 potions of attraction {unknown}
 v - a potion of mutation {unknown}
 w - a potion of haste {unknown}


   Skills:
 + Level 2.9 Dodging
 + Level 3.4 Stealth
 + Level 0.1 Unarmed Combat
 + Level 2.9 Spellcasting
 + Level 5.0 Conjurations


You had 5 spell levels left.
You knew the following spells:

 Your Spells              Type           Power      Damage    Failure   Level
a - Magic Dart            Conj           96%        1d7       1%          1
b - Searing Ray           Conj           48%        2d6       2%          2

Your spell library contained the following spells:

 Spells                   Type           Power      Damage    Failure   Level
 Dazzling Flash           Conj/Hex       26%        N/A       14%         3
 Scorch                   Fire           6%         2d5       21%         2
 Flame Wave               Conj/Fire      13%        2d6       43%         4
 Fulminant Prism          Conj/Hex       6%         3d7       43%         4
 Iskenderun's Mystic Bla  Conj/Tloc      13%        2d5       43%         4
 Blade Hands              Tmut           1%         N/A       98%         5
 Iron Shot                Conj/Erth      6%         9d2       100%        6
 Summon Cactus Giant      Summ           1%         N/A       100%        6
 Animate Armour           Summ/Erth      Unusable   N/A       N/A         4

Dungeon Overview and Level Annotations

Branches:
Dungeon (4/15)
 Temple: D:4-7

Altars:


Innate Abilities, Weirdness & Mutations

You have sharp claws.
You have razor-sharp teeth.
You have supernaturally acute eyesight. (SInv)
You cover ground quickly. (Speed+)
You are covered in fur. (AC +1)
Your paws help you pounce on unaware monsters.
You are incapable of wielding weapons or throwing items.
You cannot wear armour.
You gain extra lives every three experience levels.


Message History

You add the spells Blade Hands and Iron Shot to your library.
Okay, then.
w - a fizzy clear potion A kobold and a hobgoblin come into view.
Found a club and 8 gold pieces.
The magic dart hits the kobold but does no damage.
The kobold shouts!
You hear a bark!
You hear an angry hiss.
A ball python comes into view.
You hear a shout!
The magic dart hits the ball python.
The ball python is heavily wounded.
You hear a bark!
A jackal comes into view.
The kobold throws a stone.
The stone completely misses you.
The magic dart hits the ball python.
You kill the ball python!
The magic dart hits the kobold.
The kobold is moderately wounded.
A hound comes into view.
The teleport trap disappears.
The kobold disappears!
The magic dart hits the hound!
The hound is heavily wounded.
The hound barks!
The hound bites you.
An orc comes into view. It is wielding a +0 hand axe.
The hound bites you.
A goblin comes into view. It is wielding a +0 club.
The hound attacks as you move away! The hound barely misses you.
The hound attacks as you move away! The hound closely misses you.
Casting: Magic Dart (safe; 1% risk of failure)
Confirm with . or Enter, or press ? or * to list all spells.
Aiming: Searing Ray (safe; 2% risk of failure)
Press: ? - help, Shift-Dir - straight line, f - kobold, p - hound
Aim: a kobold, wielding a +0 dagger and quivering stones (moderately wounded, 74% to hit)
You miscast Searing Ray.
You are very lightly contaminated with residual magic.
Nothing appears to happen.
The hound bites you.
* * * LOW HITPOINT WARNING * * *
The hound bites you.
You die...

######.#
.......#
######.#####
######.....###
#...........>#
..########.#.#
)## #.#.# #...
#.#.#########..#
#......@hhK.g†#
###.########g.#
#.# ...# #.#
....# #.# .h.##
#.# ..$g #.#
...#. ..# ..##o#


You could see a hound, a jackal, a hobgoblin, a goblin and a kobold.

Vanquished Creatures
  An orc priest (D:3)
  Jessica (D:2)
  2 adders (D:3)
  A worm (D:4)
  12 orcs (D:3)
  6 endoplasms
  A goblin (D:3)
  6 hobgoblins
  3 quokkas
  6 ball pythons
  A bat (D:2)
  A frilled lizard (D:2)
  3 kobolds
  5 rats
49 creatures vanquished.

Vanquished Creatures (others)
  A demonic plant (D:2)
1 creature vanquished.

Grand Total: 50 creatures vanquished

Notes
Turn   | Place    | Note
-------+----------+-------------------------------------------
     0 | D:1      | xian the Felid Conjurer began the quest for the Orb.
     0 | D:1      | Reached XP level 1. HP: 7/7 MP: 4/4
   801 | D:2      | Reached skill level 4 in Conjurations
   801 | D:2      | Reached XP level 2. HP: 11/11 MP: 1/6
   804 | D:2      | Learned a level 2 spell: Searing Ray
   915 | D:2      | Noticed Jessica
   918 | D:2      | Killed Jessica
   919 | D:2      | Reached XP level 3. HP: 14/14 MP: 3/7
  1439 | D:2      | Found a faded altar of an unknown god.
  1439 | D:2      | Noticed a red devil
  2756 | D:3      | Reached XP level 4. HP: 18/18 MP: 3/8
  2951 | D:3      | Reached skill level 5 in Conjurations
  3523 | D:3      | Slain by a hound
  3524 | D:3      | Reached XP level 3. HP: -2/14 MP: 4/8
  3694 | D:4      | Reached XP level 4. HP: 18/18 MP: 7/9
  3828 | D:4      | Slain by a hound

Illustrated notes

Levels and vault maps discovered:
D:1:      spicycebolla_arrival_xxxplode, layout_loops_ring,
          minmay_misc_feat_doors
D:2:      layout_basic, dreamdust_ecumenical_altar_sealed_demon,
          chequers_serial_rivers_micro_c, uniq_jessica
D:3:      layout_loops_corners, minmay_unequal
D:4:      layout_loops_ring, minmay_ruptured, uniq_eustachio, uniq_duvessa,
          uniq_ijyb

Skill      XL: |  1  2  3  4 |
---------------+-------------+-----
Conjurations   | 4 5 |  5.0
Stealth        | 3 |  3.4
Dodging        | |  2.9
Unarmed Combat | |  0.1
Spellcasting   | |  2.9

Action                   |  1- 3 |  4- 6 || total
-------------------------+-------+-------++-------
Melee: Unarmed           |    13 |     1 ||    14
       Bite              |     2 |       ||     2
 Cast: Magic Dart        |    68 |    49 ||   117
Armor: Skin              |     1 |     1 ||     2
Dodge: Dodged            |    14 |    22 ||    36

Table legend: (Time is in decaauts)
 A = Elapsed time spent in this place.
 B = Non-inter-level travel time spent in this place.
 C = Inter-level travel time spent in this place.
 D = Time resting spent in this place.
 E = Time spent auto-exploring this place.
 F = Levels seen in this place.
 G = Mean time per level.
                   A        B        C        D        E       F      G
               +--------+--------+--------+--------+--------+-----+--------+
         Total |   3322 |   3287 |     35 |     36 |   2750 |   4 |  830.5 |
       Dungeon |   3322 |   3287 |     35 |     36 |   2750 |   4 |  830.5 |
               +--------+--------+--------+--------+--------+-----+--------+

Top non-repeatable levels by time:
     D:3: 1518 daAuts
     D:2: 976 daAuts
     D:1: 623 daAuts
     D:4: 203 daAuts
